 Dungeon Crawl Stone Soup version 0.29.1-13-g9f3cf754e1 (webtiles) character file.

Game seed: 9538295427892463823

5 Peloso the Shield-Bearer (level 1, 20/20 HPs)
             Began as a Minotaur Fighter on Feb 10, 2023.
             Got out of the dungeon alive.
             The game lasted 00:00:30 (362 turns).

Peloso the Shield-Bearer (Minotaur Fighter)          Turns: 362, Time: 00:00:31

Health: 20/20      AC:  7    Str: 19    XL:     1   Next: 66%
Magic:  0/0        EV:  9    Int:  4    God:
Gold:   45         SH:  5    Dex: 13    Spells: 0/0 levels left

rFire   . . .      SeeInvis .   a - +0 long sword
rCold   . . .      Faith    .   c - +0 buckler
rNeg    . . .      Spirit   .   b - +0 scale mail
rPois   .          Reflect  .   (helmet restricted)
rElec   .          Harm     .   (no cloak)
rCorr   .          Rampage  .   (no gloves)
Will    .....                   (no boots)
Stlth   ..........              (no amulet)
HPRegen 0.06/turn               (no ring)
MPRegen 0.07/turn               (no ring)

@: no status effects
A: horns 2, retaliatory headbutt, agile 1
a: no special abilities


You escaped.
You visited 1 branch of the dungeon, and saw 1 of its levels.

You collected 45 gold pieces.

Inventory:

Hand Weapons
 a - a +0 long sword (weapon)
Armour
 b - a +0 scale mail (worn)
 c - a +0 buckler (worn)
Potions
 d - a potion of might


   Skills:
 + Level 3.7 Fighting
 + Level 2.5 Long Blades
 + Level 3.7 Armour
 + Level 3.8 Shields


You couldn't memorise any spells.
You didn't know any spells.
Your spell library was empty.

Dungeon Overview and Level Annotations

Branches:
Dungeon (1/15)

Altars:


Innate Abilities, Weirdness & Mutations

You have a pair of horns on your head.
You reflexively headbutt those who attack you in melee.
You are agile. (Dex +4, Str/Int -1)


Message History

A hobgoblin is nearby!
A hobgoblin is nearby!
A hobgoblin is nearby!
Found 5 gold pieces.
The hobgoblin hits you but does no damage.
You hit the hobgoblin. You headbutt the hobgoblin.
You kill the hobgoblin!
You see here a hobgoblin corpse.
You now have 45 gold pieces (gained 5).
e - a fuming black potion
Found a stone staircase leading down.
There is a stone staircase leading down here.
A rat comes into view.
A rat is nearby!
The rat bites you but does no damage.
You barely miss the rat. You headbutt the rat.
You kill the rat!
You see here a rat corpse.
f - a fizzy grey potion It was a potion of haste.
You feel yourself speed up.
It was a potion of mutation.
You feel extremely strange.
Your feet thicken and deform.
Your hooves expand and flesh out into feet!
You feel agile.
(D) Dungeon
Where to? (? - help)
What level of the Dungeon? (default 1, ? - help)
There is a stone staircase leading down here.
You see here a hobgoblin corpse.
Your extra speed is starting to run out.
You feel yourself slow down.
There is an open door here.
There is an open door here.
There is an open door here.
As you open the door, it creaks loudly!
There is an open door here.
There is a staircase leading out of the dungeon here.
Unknown command.
Are you sure you want to leave the Dungeon?
This will make you lose the game!
You have escaped!

# #.# #....####.#.### # #.#
#.##..# #.#.#### #
######.###'###'###......## #
#........'.#.....+.......# #
##.##'#.#######.#+#.#.##..# #
####...'.#.#.....'.#...#.##..#
#
#......#.#.#.....#.#.#.#.##..#
# #.##...#.#+#..>..###.#
#.##..# ###.###..#.# #..@..#.#
#.†...# ....# #..+.# +.....#.#
#.###.# ##### #.##+#
#+###'#.#####.###.#. #..
#............... #.#
###.#####.###.## ... #.# #.#
.# ... .#. .# #..## # ## ##
#...


There were no monsters in sight!

Vanquished Creatures
  An endoplasm (D:1)
  A hobgoblin (D:1)
  A frilled lizard (D:1)
  A kobold (D:1)
  2 rats (D:1)
6 creatures vanquished.

Notes
Turn   | Place    | Note
-------+----------+-------------------------------------------
     0 | D:1      | Peloso the Minotaur Fighter began the quest for the Orb.
     0 | D:1      | Reached XP level 1. HP: 19/19 MP: 0/0
   288 | D:1      | Gained mutation: You have large cloven feet. [potion of
                  | mutation]
   288 | D:1      | Lost mutation: You have large cloven feet. [potion of
                  | mutation]
   288 | D:1      | Gained mutation: You are agile. (Dex +4, Str/Int -1)
                  | [potion of mutation]
   362 | D:$      | Got out of the dungeon alive.

Illustrated notes

Levels and vault maps discovered:
D:1:      shiori_arrival_maze, layout_loops_ring,
          hellmonk_ecumenical_altar_prayer_group

Action                   || total
-------------------------++-------
Melee: Long sword        ||    10
       Headbutt          ||     4
  Use: Potion            ||     2
Armor: Scale mail        ||     4
Dodge: Dodged            ||     3
